 Dungeon Crawl Stone Soup version 0.31.0-11-ge490571c62 (webtiles) character file.

Game seed: 13903447263553526006

320 mopl the Covered (level 6, -18/38 HPs)
             Began as a Gargoyle Fighter on Feb 10, 2024.
             Demolished by an ogre
             ... wielding a +0 giant club
              (21 damage)
             ... on level 5 of the Dungeon.
             The game lasted 00:03:03 (2132 turns).

mopl the Covered (Gargoyle Fighter)                 Turns: 2132, Time: 00:03:04

Health: -18/38     AC: 15    Str: 19    XL:     6   Next: 46%
Magic:  6/6        EV:  8    Int:  9    God:
Gold:   32         SH:  4    Dex: 11    Spells: 5/5 levels left

rFire   . . .        a - +0 flail
rCold   . . .        c - +0 buckler
rNeg    + . .        s - +0 chain mail
rPois   ∞            (no helmet)
rElec   +            (no cloak)
rCorr   +            o - +0 pair of gloves
SInv    .            (no boots)
Will    .....        (no amulet) Stlth
                     e - ring of resist corrosion
HPRegen 0.26/turn    (no ring)
MPRegen 0.10/turn

%: no passive effects
@: no status effects
A: sickness immunity, AC +4, negative energy resistance 1, electricity
resistance, torment resistance 1, petrification resistance
a: no special abilities


You were on level 5 of the Dungeon.
You visited 1 branch of the dungeon, and saw 4 of its levels.

You collected 231 gold pieces.
You spent 199 gold pieces at shops.

Inventory:

Hand Weapons
 a - a +0 flail (weapon)
Missiles
 b - 4 boomerangs
 j - 8 poisoned darts (quivered)
Armour
 c - a +0 buckler (worn)
 o - a +0 pair of gloves (worn)
 s - a +0 chain mail (worn)
 t - a +1 ring mail of fire resistance
Jewellery
 e - a ring of resist corrosion (left hand)
Wands
 v - a wand of mindburst (12)
Scrolls
 f - a scroll of revelation {unknown}
 h - 3 scrolls of identify
 l - 3 scrolls of teleportation
 m - 2 scrolls of immolation
 n - a scroll of brand weapon {unknown}
 u - 3 scrolls of amnesia {unknown}
Potions
 d - 2 potions of might
 g - a potion of haste {unknown}
 i - a potion of curing {unknown}
 k - 3 potions of lignification {unknown}
 p - 2 potions of invisibility {unknown}
 q - a potion of enlightenment {unknown}
 r - 2 potions of degeneration {unknown}


   Skills:
 + Level 4.2 Fighting
 * Level 3.9 Maces & Flails
 + Level 1.5 Throwing
 + Level 4.2 Armour
 + Level 1.7 Dodging
 + Level 4.0 Shields
 + Level 0.4 Evocations


You had 5 spell levels left.
You didn't know any spells.
Your spell library contained the following spells:

 Spells                   Type           Power      Damage    Failure   Level
 Inner Flame              Hex/Fire       0%         N/A       100%        3
 Stone Arrow              Conj/Erth      0%         3d7       100%        3
 Animate Armour           Summ/Erth      0%         N/A       100%        4
 Irradiate                Conj/Alch      0%         3d11      100%        5
 Ignition                 Fire           0%         3d3       100%        8
 Lehudib's Crystal Spear  Conj/Erth      0%         10d2      100%        8


Dungeon Overview and Level Annotations

Branches:
Dungeon (3/15)

Altars:
Fedhas
Wu Jian

Shops:
D:1 [   D:3 ?   D:5 *[


Innate Abilities, Weirdness & Mutations

You are immune to sickness and miasma.
Your stone body is resilient. (AC +4)
You are immune to poison.
You resist negative energy. (rN+)
You are resistant to electric shocks. (rElec)
You are resistant to unholy torment.
You are immune to petrification.


Message History

You kill the gnoll!
The gnoll hits you with a +0 flail!
You closely miss the gnoll. The gnoll misses you.
You sock the gnoll!
You kill the gnoll!
Items here: ))))) [ ††††.
Okay, then.
You are too injured to fight recklessly!
You are too injured to fight recklessly!
You are too injured to fight recklessly!
You are too injured to fight recklessly!
You are too injured to fight recklessly!
You are too injured to fight recklessly!
You are too injured to fight recklessly!
The gnoll hits you with a +0 flail.
You closely miss the gnoll. You block the gnoll's attack.
You hit the gnoll.
The gnoll is heavily wounded.
The gnoll hits you but does no damage.
You hit the gnoll.
The gnoll is almost dead.
The gnoll hits you but does no damage.
You sock the gnoll!
You kill the gnoll!
Things that are here:
a +0 flail; a gnoll corpse You now have 32 gold pieces (gained 6).
An ogre comes into view. It is wielding a +0 giant club.
The ogre shouts!
An ogre is nearby!
You closely miss the ogre.
The ogre hits you with a +0 giant club!!
Ouch! That really hurt!
* * * LOW HITPOINT WARNING * * *
You barely miss the ogre. The ogre hits you but does no damage.
You thump the ogre!
The ogre is moderately wounded.
The ogre hits you with a +0 giant club!!
Ouch! That really hurt!
You die...

#...#.## #.##.####
#....####.##.....
#########.....#.##..###
##.......#.###...##..# #
.........#.# ##..##..###
.......#.# #......... ....
#.# ##.#...### #O###.#
#...#..### #.@...#
#...#....# #######
#...#..#.. #..)#.....
#...#.###. ####### #...#.#
#. #.....# #...#)# #.
#.###.###.# #...#.# #.
#.......#.###########...#.#
#.
#####.#.#.#............##.#
#.


You could see an ogre.

Vanquished Creatures
  A centaur (D:5)
  An orc priest (D:3)
  A gnoll bouda (D:5)
  A sleepcap (D:5)
  2 iguanas (D:5)
  5 gnolls (D:5)
  A ribbon worm (D:2)
  5 orcs (D:3)
  2 endoplasms (D:3)
  3 giant cockroaches (D:2)
  4 hobgoblins
  2 jackals (D:2)
  4 kobolds
  3 quokkas (D:2)
  4 ball pythons
  5 bats
  2 frilled lizards
  6 goblins
  3 rats
55 creatures vanquished.

Notes
Turn   | Place    | Note
-------+----------+-------------------------------------------
     0 | D:1      | mopl the Gargoyle Fighter began the quest for the Orb.
     0 | D:1      | Reached XP level 1. HP: 14/14 MP: 1/1
    33 | D:1      | Found Maidwiexeb's Armour Boutique.
   186 | D:1      | Reached XP level 2. HP: 18/19 MP: 2/2
   762 | D:2      | Reached XP level 3. HP: 17/23 MP: 3/3
   895 | D:2      | Found a faded altar of an unknown god.
  1057 | D:2      | Found an ornate altar of the Wu Jian Council.
  1323 | D:3      | Found Ovoelocw's Magic Scroll Boutique.
  1330 | D:3      | Bought a scroll of identify for 22 gold pieces
  1330 | D:3      | Bought a scroll of teleportation for 33 gold pieces
  1330 | D:3      | Bought a scroll of immolation for 44 gold pieces
  1429 | D:3      | Reached skill level 1 in Dodging
  1432 | D:3      | Reached XP level 4. HP: 29/29 MP: 4/4
  1602 | D:3      | You fall into a shaft and drop 2 floors!
  1602 | D:5      | Entered Level 5 of the Dungeon
  1667 | D:5      | Found a blossoming altar of Fedhas.
  1700 | D:5      | Found Zaqoigah's Antique Armour Boutique.
  1877 | D:5      | Noticed a centaur
  1885 | D:5      | Killed a centaur
  1886 | D:5      | Reached skill level 1 in Throwing
  1886 | D:5      | Reached XP level 5. HP: 18/33 MP: 5/5
  1970 | D:5      | Found Hilac's Assorted Antiques.
  1987 | D:5      | Bought a scroll labelled IHIALU WYAFI for 20 gold pieces
  1987 | D:5      | Bought a worn wooden wand for 80 gold pieces
  2055 | D:5      | Reached XP level 6. HP: 32/38 MP: 6/6
  2132 | D:5      | Demolished by an ogre

Illustrated notes

Levels and vault maps discovered:
D:1:      denvon_arrival_planthouse, layout_basic, serial_shops, shop
D:2:      layout_loops_ring, basic_altar, shapermc_ecumenical_altar_flowoftime
D:3:      layout_basic, serial_shops, shop
D:5:      layout_basic, lemuel_crystal_altar, serial_shops, shop, shop,
          nicolae_shop_stone, nicolae_shop_tiny_real_fake_doors

Skill      XL: |  1  2  3  4  5  6 |
---------------+-------------------+-----
Dodging        | 1 |  1.7
Maces & Flails | 3 |  3.9
Fighting       | 4 |  4.2
Throwing       | 1 |  1.5
Armour         | 4 |  4.2
Shields        | 4 |  4.0
Evocations     | |  0.4

Action                     |  1- 3 |  4- 6 || total
---------------------------+-------+-------++-------
  Melee: Flail             |   130 |    96 ||   226
 Armour: Scale mail        |    55 |       ||    55
         Chain mail        |    44 |    77 ||   121
  Dodge: Dodged            |    67 |    40 ||   107
  Block: Buckler           |    20 |    19 ||    39
